 Dungeon Crawl Stone Soup version 0.18.1-2-ga659475 (webtiles) character file.

4510 Arkorax the Fighter (level 10, -5/102 HPs)
             Began as a Naga Fighter on May 8, 2016.
             Was a Priest of the Shining One.
             Slain by a wolf (11 damage)
             ... led by Grum
             ... on level 9 of the Dungeon.
             The game lasted 00:10:44 (9381 turns).

Arkorax the Fighter (Naga Fighter)                  Turns: 9381, Time: 00:10:46

Health: -5/102     AC:  9    Str: 22    XL:     10   Next: 39%
Magic:  10/10      EV:  8    Int:  8    God:    the Shining One [***...]
Gold:   462        SH: 10    Dex: 11    Spells: 0 memorised, 9 levels left

rFire  . . .     SeeInvis +     a - +1 flail
rCold  + . .     Gourm    .     v - +2 leather armour {rC+}
rNeg   + . .     Faith    .     c - +0 shield
rPois  +         Spirit   .     w - +0 helmet
rElec  .         Dismiss  .     e - +0 cloak
rCorr  +         Reflect  .     (no gloves)
SustAt .         Harm     .     (no barding)
MR     ++...                    (no amulet)
Stlth  +.........               z - ring of resist corrosion
                                h - ring of protection from magic

@: about to teleport, glowing, very slow, very resistant to hostile
enchantments, very unstealthy
A: see invisible, deformed body, poison resistance, slowness 2, slow metabolism
1, spit poison 2, AC +3
a: Spit Poison, Divine Shield, Renounce Religion


You were on level 9 of the Dungeon.
You worshipped the Shining One.
The Shining One was most pleased with you.
You were not hungry.

You visited 1 branch of the dungeon, and saw 9 of its levels.

You collected 462 gold pieces.

Inventory:

Hand Weapons
 a - a +1 flail (weapon)
 u - a +0 short sword of electrocution
Armour
 c - a +0 shield (worn)
 e - a +0 cloak (worn)
 v - a +2 leather armour of cold resistance (worn)
 w - a +0 helmet (worn)
 E - a +0 plate armour
Jewellery
 h - a ring of protection from magic (left hand)
 z - a ring of resist corrosion (right hand)
 H - an uncursed ring of flight
 I - an uncursed ring of positive energy
Wands
 n - a wand of enslavement (10/24)
 x - a wand of random effects (12/48)
 y - a wand of flame (24/48)
 K - a wand of polymorph (11/24)
Scrolls
 b - 2 scrolls of noise {unknown}
 i - 3 scrolls of magic mapping
 j - 3 scrolls of remove curse
 l - 2 scrolls of immolation
 o - a scroll of vulnerability {unknown}
 p - a scroll of amnesia
 r - a scroll of teleportation
 A - 6 scrolls of identify
 B - a scroll of silence {unknown}
 F - a scroll of fog {unknown}
 J - a scroll of enchant armour {unknown}
Potions
 d - 4 potions of might
 f - 4 potions of curing
 m - a potion of brilliance
 q - 2 potions of agility
 C - a potion of magic {unknown}
Comestibles
 g - 8 fruits
 k - 8 slices of pizza
 s - 2 meat rations
 t - 8 bread rations
 D - a beef jerky


   Skills:
 * Level 9.8 Fighting
 * Level 9.8 Maces & Flails
 - Level 2.4 Armour
 + Level 6.0 Shields


You had 9 spell levels left.
You didn't know any spells.

Dungeon Overview and Level Annotations

Branches:
Dungeon (9/15)             Temple (0/1) D:7             Orc (0/2) D:9
   Lair: D:8-11

Altars:
Ashenzari
Elyvilon
Gozag
Nemelex Xobeh
Pakellas
Qazlal
Ru
Trog
Vehumet
Xom
Yredelemnul
Zin
The Shining One

Annotations:
D:9 Grum


Innate Abilities, Weirdness & Mutations

You cannot wear boots.
Your serpentine skin is tough (AC +3).
You have supernaturally acute eyesight.
Armour fits poorly on your strangely shaped body.
Your system is resistant to poisons.
You cover ground very slowly.
You have a slow metabolism.
You can spit poison.


Message History

Grum hits you from afar with a halberd!
* * * LOW HITPOINT WARNING * * *
A wolf comes into view.
You are too injured to fight recklessly!
You are too injured to fight recklessly!
Unknown command.
Drink which item? (? for menu, Esc to quit)
You feel much better.
You block the wolf's attack. x2; The wolf bites you.
The wolf closely misses you.
Grum hits you from afar with a halberd!!
* * * LOW HITPOINT WARNING * * *
Read which item? (? for menu, Esc to quit)
As you read the scroll of teleportation, it crumbles to dust.
You feel strangely unstable. You block the wolf's attack.
The wolf barely misses you. Grum hits you from afar with a halberd!
* * * LOW HITPOINT WARNING * * *
The wolf bites you!
* * * LOW HITPOINT WARNING * * *
The wolf bites you!
You die...

#........#####.....#
#........##....#####
#........'..##.#
#........#####.#
#........# #)#
#........# #.#
#........# #..
#........# ##.
#.....@h.# .
#######h## g# ##


You could see Grum and 2 wolves.

Vanquished Creatures
  Maurice (D:9)
  Prince Ribbit (D:9)
  A human (D:8)
  A hungry ghost (D:8)
  2 hippogriffs
  Menkaure (D:6)
  An orc warrior (D:8)
  A wasp (D:7)
  3 phantoms
  2 ice beasts (D:7)
  A wolf (D:9)
  4 ogres
  A big kobold (D:8)
  4 giant frogs
  A wyvern skeleton (D:6)
  5 scorpions
  4 killer bees (D:9)
  9 wights
  4 crimson imps
  3 hounds
  5 orc priests
  3 jellies
  A centaur skeleton (D:6)
  An iguana (D:4)
  Ijyb (D:3)
  6 orc wizards
  4 worker ants
  A hound zombie (D:6)
  A hound skeleton (D:7)
  A worker ant zombie (D:6)
  8 adders
  6 gnolls
  A shadow imp (D:9)
  2 adder skeletons
  2 dart slugs
  5 giant geckos
  16 orcs
  3 giant cockroaches
  4 goblins
  11 hobgoblins
  15 jackals
  5 quokkas
  A ball python (D:5)
  4 bats
  A giant gecko skeleton (D:4)
  2 giant newts
  15 kobolds
  A quokka skeleton (D:8)
  6 rats
182 creatures vanquished.

Notes
Turn   | Place    | Note
--------------------------------------------------------------
     0 | D:1      | Arkorax the Naga Fighter began the quest for the Orb.
     0 | D:1      | Reached XP level 1. HP: 21/21 MP: 1/1
    77 | D:1      | You fall through a shaft!
   224 | D:1      | Reached XP level 2. HP: 28/28 MP: 2/2
   243 | D:1      | Found a glowing golden altar of the Shining One.
   583 | D:1      | Became a worshipper of the Shining One
   892 | D:2      | Reached XP level 3. HP: 24/34 MP: 3/3
  2015 | D:3      | Reached XP level 4. HP: 43/43 MP: 4/4
  2164 | D:3      | Noticed Ijyb
  2178 | D:3      | Killed Ijyb
  2178 | D:3      | Reached XP level 5. HP: 45/50 MP: 5/5
  2366 | D:3      | Found a white marble altar of Elyvilon.
  2368 | D:3      | Found a glowing silver altar of Zin.
  2371 | D:3      | Found a sacrificial altar of Ru.
  2373 | D:3      | Found a bloodstained altar of Trog.
  2373 | D:3      | Found a sparkling altar of Nemelex Xobeh.
  2373 | D:3      | Found a shimmering altar of Xom.
  2373 | D:3      | Found a stormy altar of Qazlal.
  2373 | D:3      | You fall through a shaft!
  2381 | D:4      | Noticed a yak
  2381 | D:4      | Noticed a yak
  2381 | D:4      | Noticed a yak
  2382 | D:4      | Noticed a yak
  2604 | D:4      | Noticed a phantom
  2628 | D:4      | Killed a phantom
  2628 | D:4      | Reached XP level 6. HP: 22/58 MP: 6/6
  2998 | D:3      | Found an oddly glowing altar of Pakellas.
  2998 | D:3      | Noticed a rakshasa
  3286 | D:3      | Found a shattered altar of Ashenzari.
  3288 | D:3      | Found a basalt altar of Yredelemnul.
  3289 | D:3      | Found a radiant altar of Vehumet.
  3291 | D:3      | Found an opulent altar of Gozag.
  3531 | D:5      | Entered Level 5 of the Dungeon
  3572 | D:5      | Noticed a phantom
  3596 | D:5      | Killed a phantom
  3596 | D:5      | Reached skill level 5 in Fighting
  3601 | D:5      | Reached XP level 7. HP: 41/67 MP: 7/7
  3824 | D:5      | Reached skill level 5 in Maces & Flails
  4113 | D:5      | Reached * piety under the Shining One
  5107 | D:6      | Reached XP level 8. HP: 40/76 MP: 8/8
  5380 | D:6      | Noticed Menkaure
  5383 | D:6      | Killed Menkaure
  5748 | D:6      | Reached ** piety under the Shining One
  6722 | D:6      | Reached XP level 9. HP: 48/87 MP: 9/9
  7000 | D:7      | Reached skill level 5 in Shields
  7059 | D:7      | Found a staircase to the Ecumenical Temple.
  8103 | D:8      | Reached *** piety under the Shining One
  8242 | D:8      | Found a sparkling altar of Nemelex Xobeh.
  8501 | D:8      | Reached XP level 10. HP: 99/99 MP: 10/10
  8910 | D:9      | Noticed Prince Ribbit
  8957 | D:9      | Killed Prince Ribbit
  9243 | D:9      | Found a staircase to the Orcish Mines.
  9254 | D:9      | Noticed Maurice
  9275 | D:9      | Killed Maurice
  9369 | D:9      | Noticed Grum
  9381 | D:9      | Slain by a wolf

Skill      XL: |  1  2  3  4  5  6  7  8  9 10 |
---------------+-------------------------------+-----
Maces & Flails | 3 4 5 7 9 |  9.8
Fighting       | 4 5 6 7 9 |  9.8
Shields        | 3 4 5 6 |  6.0
Armour         | |  2.4

Action                   |  1- 3 |  4- 6 |  7- 9 | 10-12 || total
-------------------------+-------+-------+-------+-------++-------
Melee: Flail             |   148 |   128 |   358 |   112 ||   746
 Abil: Spit Poison       |     2 |       |       |       ||     2
Evoke: Wand              |       |       |       |     2 ||     2
  Use: Scroll            |       |     5 |     7 |     1 ||    13
       Potion            |       |     1 |     2 |     1 ||     4
  Eat: Chunk             |     2 |       |     3 |     2 ||     7
       Bread ration      |     1 |       |     1 |       ||     2
       Meat ration       |       |     1 |     1 |       ||     2
       Pizza             |       |       |       |     1 ||     1
Armor: Scale mail        |    87 |     2 |       |       ||    89
       Leather armour    |       |    36 |   130 |    42 ||   208
Dodge: Dodged            |    47 |    35 |   117 |    32 ||   231
Block: Shield            |    96 |    53 |   180 |    60 ||   389
